 Dungeon Crawl Stone Soup version 0.31-a0-237-g2d982f9f85 (webtiles) character file.

Game seed: 4431312601541565376

69 qw the Shooter (level 4, -4/26 HPs)
             Began as a Gargoyle Hexslinger on July 10, 2023.
             Slain by a gnoll
             ... wielding a +0 spear
              (6 damage)
             ... on level 2 of the Dungeon.
             The game lasted 00:00:29 (1109 turns).

qw the Shooter (Gargoyle Hexslinger)                Turns: 1109, Time: 00:00:30

Health: -4/26      AC:  6    Str: 11    XL:     4   Next: 20%
Magic:  5/5        EV: 11    Int: 14    God:
Gold:   99         SH:  0    Dex: 14    Spells: 4/5 levels left

rFire   . . .        Y - +1 sling
rCold   . . .        (no shield)
rNeg    + . .        g - +0 leather armour
rPois   inf          (no helmet)
rElec   +            (no cloak)
rCorr   .            (no gloves)
SInv    .            (no boots)
Will    .....        (no amulet)
Stlth   +            (no ring)
HPRegen 0.24/turn    (no ring)
MPRegen 0.09/turn

%: no passive effects
@: no status effects
A: sickness immunity, AC +3, negative energy resistance 1, electricity
resistance, torment resistance 1, petrification resistance
a: no special abilities


You were on level 2 of the Dungeon.
You visited 1 branch of the dungeon, and saw 2 of its levels.

You collected 99 gold pieces.


Innate Abilities, Weirdness & Mutations

You are immune to sickness and miasma.
Your stone body is resilient. (AC +3)
You are immune to poison.
You resist negative energy. (rN+)
You are resistant to electric shocks. (rElec)
You are resistant to unholy torment.
You are immune to petrification.


   Skills:
 - Level 2.1 Fighting
 + Level 4.0 Ranged Weapons
 - Level 1.5 Dodging
 - Level 1.0 Spellcasting
 - Level 2.6 Hexes


You had 4 spell levels left.
You knew the following spells:

 Your Spells              Type           Power      Damage    Failure   Level
a - Slow                  Hex            32%        N/A       12%         1

Your spell library contained the following spells:

 Spells                   Type           Power      Damage    Failure   Level
 Inner Flame              Hex/Fire       4%         N/A       52%         3
 Portal Projectile        Hex/Tloc       8%         N/A       52%         3
 Cause Fear               Hex            4%         N/A       75%         4

Inventory:

Hand Weapons
 Y - a +1 sling (weapon)
Armour
 g - a +0 leather armour (worn)
Jewellery
 b - an amulet of magic regeneration
Scrolls
 a - a scroll of teleportation {unknown}
Potions
 c - a potion of berserk rage {unknown}
 d - 2 potions of curing
 h - a potion of magic {unknown}

Dungeon Overview and Level Annotations

Branches:
Dungeon (2/15)

Altars:


Message History

The sling bullet hits the gnoll.
The gnoll is moderately wounded.
The gnoll hits you from afar with a +0 spear.
You shoot a sling bullet. The sling bullet hits the gnoll.
The gnoll is heavily wounded.
The gnoll hits you but does no damage.
You shoot a sling bullet. The sling bullet hits the gnoll.
The gnoll is almost dead.
The gnoll hits you but does no damage.
The gnoll hits you from afar with a +0 spear.
You shoot a sling bullet. The sling bullet hits the gnoll.
You kill the gnoll!
You have reached level 4!
You feel clever.
You shoot a sling bullet. The sling bullet hits the gnoll.
The gnoll is severely wounded.
The gnoll barely misses you.
You shoot a sling bullet.
The sling bullet hits the gnoll but does no damage.
The gnoll is severely wounded.
The gnoll hits you from afar with a +0 spear!
You shoot a sling bullet.
The sling bullet closely misses the gnoll.
The sling bullet hits the gnoll.
The gnoll is lightly wounded.
The gnoll hits you from afar with a +0 spear. x2
You shoot a sling bullet.
The sling bullet barely misses the gnoll.
The sling bullet hits the gnoll.
The gnoll is moderately wounded.
The gnoll hits you from afar with a +0 spear.
You shoot a sling bullet. The sling bullet hits the gnoll.
You kill the gnoll!
Your Ranged Weapons skill increases to level 4!
You shoot a sling bullet.
The sling bullet barely misses the gnoll. x2
The gnoll closely misses you.
You shoot a sling bullet. The sling bullet hits the gnoll.
The gnoll is severely wounded.
The gnoll hits you from afar with a +0 spear.
You die...

# #. #.
..#...###.#
.#.#.
...##. #.#
[#!.. .. #
#.# $....g
#.# #..#.
..# .g. ###
#g# #.# #
#@##.####
#........
#.##.....
#.# #### #
#.# #.#
##...# #.#
...#.# #.#
...#
#.########.
####.#
#..........
......


You could see 2 gnolls.

Vanquished Creatures
  2 gnolls (D:2)
  An adder (D:2)
  A worm (D:2)
  A dart slug (D:1)
  3 bats
  An endoplasm (D:1)
  2 giant cockroaches
  7 goblins
  3 hobgoblins (D:1)
  5 jackals (D:2)
  2 ball pythons
  A frilled lizard (D:1)
  4 kobolds
  A rat (D:2)
34 creatures vanquished.

Notes
Turn   | Place    | Note
-------+----------+-------------------------------------------
     0 | D:1      | qw the Gargoyle Hexslinger began the quest for the Orb.
     0 | D:1      | Reached XP level 1. HP: 12/12 MP: 2/2
     0 | D:1      | 0 ||| qw: Version: 0.3-a-52-g30416fa
     0 | D:1      | 0 ||| qw: Game counter: 5308
     0 | D:1      | 0 ||| qw: Melee chars always use a shield: true
     0 | D:1      | 0 ||| qw: God list: Okawaru
     0 | D:1      | 0 ||| qw: Allow faded altars: false
     0 | D:1      | 0 ||| qw: Do Orc after clearing Dungeon:15 true
     0 | D:1      | 0 ||| qw: Do second Lair branch before Depths: true
     0 | D:1      | 0 ||| qw: Lair rune preference: random
     0 | D:1      | 0 ||| qw: Goals: Normal
     0 | D:1      | 0 ||| PLANNING D:1-11
    32 | D:1      | 32 ||| FLEEEEING.
    55 | D:1      | Reached XP level 2. HP: 16/16 MP: 3/3
   105 | D:1      | Reached skill level 3 in Ranged Weapons
   550 | D:1      | 550 ||| UPGRADING to +0 leather armour.
   560 | D:1      | 560 ||| DROPPING +0 robe.
   561 | D:1      | 561 ||| READING scroll labelled ERESAC EMNIPN.
   562 | D:1      | 562 ||| READING scroll labelled HIEMIDULAU.
   563 | D:1      | 563 ||| READING scroll labelled CISIEC TAGHEZO.
   564 | D:1      | 564 ||| READING scroll labelled PAUREA TOJA.
   565 | D:1      | 565 ||| READING scroll labelled ZEINEU ABYEPT.
   566 | D:1      | 566 ||| DRINKING 3 golden potions.
   567 | D:1      | 567 ||| DROPPING scroll of poison.
   636 | D:2      | Identified the +8 short sword of Vamyum {flame, rC+}
   658 | D:2      | Reached XP level 3. HP: 21/21 MP: 4/4
  1092 | D:2      | 1092 ||| Stepping ~*~*~tactically~*~*~ (outnumbered).
  1103 | D:2      | Reached XP level 4. HP: 20/26 MP: 5/5
  1105 | D:2      | HP: 4/26 [gnoll/+0 spear (4)]
  1106 | D:2      | HP: 1/26 [gnoll/+0 spear (3)]
  1108 | D:2      | Reached skill level 4 in Ranged Weapons
  1109 | D:2      | Slain by a gnoll

Levels and vault maps discovered:
D:1:      psy_arrival_basics, layout_basic, chequers_arboretum, minivault_25
D:2:      layout_loops_ring

Skill      XL: |  1  2  3  4 |
---------------+-------------+-----
Ranged Weapons | 3 4 |  4.0
Fighting       | 2 |  2.1
Dodging        | |  1.5
Spellcasting   | |  1.0
Hexes          | |  2.6

Action                     |  1- 3 |  4- 6 || total
---------------------------+-------+-------++-------
   Fire: Sling             |   113 |     7 ||   120
    Use: Scroll            |     5 |       ||     5
         Potion            |     1 |       ||     1
 Armour: Robe              |     2 |       ||     2
         Leather armour    |    20 |       ||    20
  Dodge: Dodged            |    36 |     2 ||    38

Table legend:
 A = Non-vault XP
 B = Vault XP
 C = Vault XP percentage of total XP
 D = Non-vault monster count
 E = Vault monster count
 F = Vault count percentage of total count
                 A         B        C        D         E       F
            +---------+---------+-------+---------+---------+-------
      Total |      99 |       0 |   0.0 |      34 |       0 |   0.0
            +---------+---------+-------+---------+---------+-------
        D:1 |      32 |       0 |   0.0 |      18 |       0 |   0.0
        D:2 |      67 |       0 |   0.0 |      16 |       0 |   0.0
            +---------+---------+-------+---------+---------+-------
